 Dungeon Crawl Stone Soup version 0.19.5 (webtiles) character file.

10774 tof the Basher (level 11, -9/151 HPs)
             Began as a Minotaur Berserker on Mar 9, 2017.
             Was a High Priest of Trog.
             Mangled by a freezing wraith (14 damage)
             ... in an ice cave.
             The game lasted 00:33:00 (9164 turns).

tof the Basher (Minotaur Berserker)                 Turns: 9164, Time: 00:33:00

Health: -9/151     AC: 12    Str: 26    XL:     11   Next: 40%
Magic:  10/10      EV: 17    Int:  4    God:    Trog [*****.]
Gold:   547        SH:  0    Dex: 15    Spells: 0 memorised, 10 levels left

rFire  . . .     SeeInvis .     E - +3 mace (crush)
rCold  . . .     Gourm    .     H - +2 troll leather armour
rNeg   . . .     Faith    .     (no shield)
rPois  .         Spirit   .     m - +0 hat {MR+}
rElec  .         Reflect  .     k - +2 cloak {+Inv}
rCorr  .         Harm     .     (no gloves)
MR     +....                    l - +0 pair of boots
Stlth  ..........               (no amulet)
                                B - ring of stealth
                                v - +3 ring of dexterity

@: berserking, slowed, studying Unarmed Combat
A: retaliatory headbutt, horns 2, clumsy 1, mutation resistance 1
a: Berserk, Trog's Hand, Brothers in Arms, Burn Spellbooks, Renounce Religion,
Evoke Invisibility


You were in an ice cave.
You worshipped Trog.
Trog was extremely pleased with you.
You were near starving.

You visited 1 branch of the dungeon, and saw 11 of its levels.
You also visited: Ice Cave.

You collected 664 gold pieces.
You spent 117 gold pieces at shops.

Inventory:

Hand Weapons
 a - a +0 mace
 E - a +3 mace of crushing (weapon)
Missiles
 L - 5 silver tomahawks (quivered)
Armour
 k - a +2 cloak of invisibility (worn)
 l - a +0 pair of boots (worn)
 m - a +0 hat of magic resistance (worn)
 H - a +2 troll leather armour (worn)
 I - a +2 cloak
Jewellery
 v - a +3 ring of dexterity (left hand)
 B - a ring of stealth (right hand)
 S - an uncursed ring of poison resistance
Wands
 r - a wand of lightning (1/15)
 s - a wand of disintegration (16/24)
 u - a wand of flame (33/48)
 y - a wand of iceblast (8/15)
 z - a wand of paralysis (19/24)
 C - a wand of flame (20/48)
 M - a wand of enslavement (14/24)
 O - a wand of confusion (18/48)
 R - a wand of acid (9/15)
Scrolls
 b - a scroll of amnesia {unknown}
 d - 8 scrolls of remove curse
 e - a scroll of magic mapping
 i - 2 scrolls of fog {unknown}
 j - 7 scrolls of recharging
 n - 3 scrolls of identify
 x - 2 scrolls of blinking
 A - 2 scrolls of noise {unknown}
 D - a scroll of random uselessness {unknown}
 G - 2 scrolls of fear {unknown}
 T - a scroll of brand weapon {unknown}
 X - a scroll of teleportation {unknown}
Potions
 h - 2 potions of might
 p - 2 potions of flight
 t - 2 potions of resistance
 w - 2 potions of curing
 V - a potion of heal wounds
 W - 3 potions of lignification
Books
 J - a manual of Unarmed Combat
 U - a book of Frost

   Spells                             Type                      Level
   a - Freeze                         Ice                          1
   b - Throw Frost                    Conjuration/Ice              2
   c - Ozocubu's Armour               Charms/Ice                   3
   d - Throw Icicle                   Conjuration/Ice              4
   e - Summon Ice Beast               Ice/Summoning                4
   Trog disapproves of the use of such an item.
Comestibles
 c - 12 bread rations
 f - 3 meat rations
 g - a fruit
 o - 2 beef jerkies
 q - a slice of pizza
 F - a royal jelly


   Skills:
 * Level 10.6 Fighting
 + Level 14.0 Maces & Flails
 * Level 10.3 Armour
 + Level 7.7 Dodging
 + Level 1.5 Stealth


You had 10 spell levels left.
You didn't know any spells.

Dungeon Overview and Level Annotations

Branches:
Dungeon (11/15)            Temple (0/1) D:7            Lair (0/6) D:9
    Orc (0/2) D:9

Altars:
Ashenzari
Cheibriados
Elyvilon
Gozag
Hepliaklqana
Kikubaaqudgha
Nemelex Xobeh
Okawaru
Ru
Vehumet

Shops:
D:4 *   D:6 (   D:8 }   D:10 !

Annotations:
D:7 fly, exclusion: ice statue


Innate Abilities, Weirdness & Mutations

You reflexively headbutt those who attack you in melee.
You have a pair of horns on your head.
You are clumsy. (Dex -2)
You are somewhat resistant to further mutation.


Message History

* * * LOW HITPOINT WARNING * * *
A red film seems to cover your vision as you go berserk!
You feel yourself moving faster!
You feel mighty!
You are near starving!
The freezing wraith hits you!
* * * LOW HITPOINT WARNING * * *
The freezing wraith freezes you!
* * * LOW HITPOINT WARNING * * *
The freezing wraith hits you but does no damage.
You thump the freezing wraith! You headbutt the freezing wraith.
The freezing wraith is severely damaged.
The freezing wraith hits you but does no damage.
The freezing wraith hits you.
* * * LOW HITPOINT WARNING * * *
You closely miss the freezing wraith.
The freezing wraith is severely damaged.
The freezing wraith hits you!
* * * LOW HITPOINT WARNING * * *
The freezing wraith freezes you!
You die...

#####
##...##
#.....#
##..#..#
##.W.##.W#
##.@.## #.#
##...## ..#
#...## ..#
##..## .#
#..###### ..
##.###...##
#..##.....##
#..#...#...#
#....####..#


You could see a freezing wraith.

Vanquished Creatures
  Gastronok (D:10)
  Pikel (D:7)
  A cyclops (D:10)
  An ugly thing (D:9)
  Joseph (D:8)
  A freezing wraith (IceCv)
  2 trolls
  A wolf spider simulacrum (IceCv)
  Prince Ribbit (D:8)
  A hornet (D:9)
  2 hippogriffs
  A spriggan (D:7)
  A wyvern (D:8)
  2 hungry ghosts
  2 death yak simulacra (IceCv)
  Menkaure (D:7)
  4 slaves (D:7)
  A water moccasin (D:10)
  3 sky beasts
  6 ice beasts
  The ghost of tof the Cudgeler, an amateur MiBe of Trog (D:3)
  3 orc warriors
  4 phantoms
  An ogre (D:8)
  3 centaurs
  A crocodile (D:7)
  2 big kobolds
  8 bullfrogs
  A wyvern zombie (D:10)
  A wyvern skeleton (D:9)
  A scorpion (D:11)
  3 troll zombies (D:9)
  6 killer bees
  A centaur zombie (D:6)
  3 bullfrog zombies
  4 crimson imps
  A quasit (D:7)
  5 orc priests
  6 hounds
  6 orc wizards
  3 bullfrog skeletons
  A jelly (D:9)
  Crazy Yiuf (D:2)
  Ijyb (D:3)
  3 iguanas
  2 hell rats (D:9)
  6 worker ants
  A wolf simulacrum (IceCv)
  5 ogre zombies (D:9)
  2 human simulacra (D:9)
  2 hound skeletons (D:5)
  A worker ant zombie (D:11)
  8 adders
  3 river rats (D:9)
  2 shadow imps
  5 white imps (IceCv)
  3 oozes
  An adder zombie (D:6)
  2 adder skeletons
  5 leopard geckos
  34 orcs
  7 bats
  8 giant cockroaches
  3 goblins
  6 hobgoblins
  21 jackals
  21 kobolds
  8 quokkas
  2 ball pythons
  4 frilled lizards
  3 goblin skeletons (D:9)
  2 goblin zombies (D:9)
  4 hobgoblin zombies (D:9)
  A leopard gecko zombie (D:6)
  3 orc skeletons (D:9)
  13 orc zombies (D:9)
  A quokka skeleton (D:5)
  8 rats
301 creatures vanquished.

Notes
Turn   | Place    | Note
-------+----------+-------------------------------------------
     0 | D:1      | tof the Minotaur Berserker began the quest for the Orb.
     0 | D:1      | Reached XP level 1. HP: 19/19 MP: 0/0
    64 | D:1      | Reached skill level 4 in Maces & Flails
    69 | D:1      | Reached XP level 2. HP: 21/27 MP: 1/1
   817 | D:2      | Reached XP level 3. HP: 31/33 MP: 2/2
   831 | D:2      | Reached ** piety under Trog
   890 | D:2      | Reached skill level 5 in Maces & Flails
  1111 | D:2      | Found a faded altar of an unknown god.
  1111 | D:2      | Found a faded altar of an unknown god.
  1116 | D:2      | Found an iron altar of Okawaru.
  1118 | D:2      | Found an opulent altar of Gozag.
  1120 | D:2      | Found a faded altar of an unknown god.
  1213 | D:2      | Found a runed door.
  1217 | D:2      | Noticed Crazy Yiuf
  1220 | D:2      | Killed Crazy Yiuf
  1220 | D:2      | Reached XP level 4. HP: 35/40 MP: 3/3
  1263 | D:2      | Found a sacrificial altar of Ru.
  1552 | D:3      | Noticed Ijyb
  1558 | D:3      | Killed Ijyb
  1694 | D:3      | Noticed tof's ghost (amateur MiBe)
  1702 | D:3      | Killed tof's ghost
  1702 | D:3      | Reached skill level 6 in Maces & Flails
  1702 | D:3      | Reached XP level 5. HP: 37/47 MP: 4/4
  1777 | D:3      | Reached skill level 5 in Fighting
  2152 | D:4      | Found Letauho's Assorted Antiques.
  2185 | D:4      | Reached XP level 6. HP: 56/56 MP: 5/5
  2436 | D:4      | Reached *** piety under Trog
  2443 | D:4      | Reached skill level 7 in Maces & Flails
  2790 | D:4      | Found a radiant altar of Vehumet.
  2886 | D:4      | Reached XP level 7. HP: 53/62 MP: 6/6
  2983 | D:5      | Entered Level 5 of the Dungeon
  3146 | D:5      | Found an ancient bone altar of Kikubaaqudgha.
  3332 | D:6      | Reached skill level 5 in Armour
  3333 | D:6      | Reached skill level 8 in Maces & Flails
  3478 | D:6      | Found Wazeng's Antique Weapon Boutique.
  3519 | D:6      | Found a sparkling altar of Nemelex Xobeh.
  3566 | D:6      | Found a hazy altar of Hepliaklqana.
  3697 | D:6      | Reached **** piety under Trog
  3734 | D:6      | Reached skill level 9 in Maces & Flails
  3734 | D:6      | Reached XP level 8. HP: 71/71 MP: 7/7
  4031 | D:7      | Found a snail-covered altar of Cheibriados.
  4263 | D:7      | Noticed Menkaure
  4270 | D:7      | Killed Menkaure
  4270 | D:7      | Reached skill level 10 in Maces & Flails
  4394 | D:7      | Noticed Pikel
  4413 | D:7      | Killed Pikel
  4413 | D:7      | Reached XP level 9. HP: 32/80 MP: 8/8
  4450 | D:7      | Found a white marble altar of Elyvilon.
  4802 | D:7      | Noticed an ice statue
  5057 | D:7      | Found a staircase to the Ecumenical Temple.
  5199 | D:7      | Reached skill level 11 in Maces & Flails
  5266 | D:8      | Noticed Prince Ribbit
  5576 | D:8      | Killed Prince Ribbit
  5826 | D:8      | Noticed Joseph
  5846 | D:8      | Killed Joseph
  5846 | D:8      | Reached skill level 5 in Dodging
  6054 | D:8      | Noticed a troll
  6107 | D:8      | Killed a troll
  6107 | D:8      | Reached skill level 12 in Maces & Flails
  6107 | D:8      | Reached XP level 10. HP: 65/90 MP: 9/9
  6108 | D:8      | Found Huimal's Gadget Shoppe.
  6387 | D:8      | Found a shattered altar of Ashenzari.
  6692 | D:9      | Found a staircase to the Lair.
  6839 | D:9      | Found a staircase to the Orcish Mines.
  7066 | D:9      | Paralysed by a hornet for 2 turns
  7231 | D:9      | Noticed a green ugly thing
  7240 | D:9      | Killed a green ugly thing
  7305 | D:9      | Gained mutation: You are somewhat resistant to further mutation. [mutagenic meat]
  7307 | D:9      | Gained mutation: You are clumsy. (Dex -2) [mutagenic meat]
  7601 | D:10     | Entered Level 10 of the Dungeon
  7686 | D:10     | Reached skill level 13 in Maces & Flails
  7917 | D:10     | Found Guhaipt's Distillery.
  7924 | D:10     | Bought a potion of heal wounds for 65 gold pieces
  7924 | D:10     | Bought a potion of lignification for 39 gold pieces
  7924 | D:10     | Bought a potion of degeneration for 13 gold pieces
  7941 | D:10     | Noticed Gastronok
  8036 | D:10     | Killed Gastronok
  8036 | D:10     | Reached ***** piety under Trog
  8036 | D:10     | Reached skill level 10 in Fighting
  8036 | D:10     | Reached XP level 11. HP: 47/100 MP: 10/10
  8240 | D:10     | Reached skill level 10 in Armour
  8684 | D:11     | Found a frozen archway.
  8728 | IceCv    | Entered an ice cave
  8734 | IceCv    | Received a gift from Trog
  8860 | IceCv    | Reached skill level 1 in Stealth
  8929 | IceCv    | Reached skill level 14 in Maces & Flails
  9164 | IceCv    | HP: 5/151 [freezing wraith (8)]
  9164 | IceCv    | Mangled by a freezing wraith

Skill      XL: |  1  2  3  4  5  6  7  8  9 10 11 |
---------------+----------------------------------+-----
Maces & Flails | 4 5 6 7 9 10 12 13 14 | 14.0
Fighting       | 4 5 6 7 8 10 | 10.6
Armour         | 3 4 5 7 8 9 10 | 10.3
Dodging        | 3 5 7 |  7.7
Stealth        | 1 |  1.5

Action                   |  1- 3 |  4- 6 |  7- 9 | 10-12 || total
-------------------------+-------+-------+-------+-------++-------
Melee: Mace              |    67 |   123 |   290 |   364 ||   844
       Headbutt          |     8 |    23 |    71 |   105 ||   207
Throw: Tomahawk          |       |       |     2 |       ||     2
Invok: Berserk           |       |     1 |     1 |     3 ||     5
  Use: Potion            |       |     4 |     4 |       ||     8
       Scroll            |       |       |     6 |     4 ||    10
 Stab: Sleeping          |       |       |       |     1 ||     1
  Eat: Chunk             |       |     8 |    10 |    17 ||    35
       Fruit             |       |       |     1 |       ||     1
       Meat ration       |       |       |       |     1 ||     1
Armor: Animal skin       |     9 |       |       |       ||     9
       Ring mail         |    24 |    51 |    31 |       ||   106
       Chain mail        |       |       |    20 |       ||    20
       Plate armour      |       |       |    96 |       ||    96
       Leather armour    |       |       |     5 |       ||     5
       Troll leather arm |       |       |       |   110 ||   110
Dodge: Dodged            |    53 |    52 |   118 |   262 ||   485
